General information
- name: BNet
- type: Ladder 1vs1/FFA
- host: Battle.net
- saver: LW-Stupidus
map: TidewaterGlades
- players: 2
- length: 23:02
- speed: Fast
- version: 1.23 W3XP
- replay type: Public
» download(99 KB)
Players
team 1 (loser)
Mr.Bob (
yellow | 199 APM | 4573 actions | 23:01)
4 Blademaster
2 Wind Walk
2 Critical Strike
3 Shadow Hunter
1 Hex
2 Healing Wave
» actions
| Assign group hotkey | 25 | |
| Basic commands | 284 | |
| Build / train | 101 | |
| Enter build submenu | 29 | |
| Enter hero's abilities submenu | 7 | |
| Give item / drop item | 3 | |
| Remove unit from queue | 10 | |
| Right click | 1409 | |
| Select / deselect | 608 | |
| Select group hotkey | 1850 | |
| Use ability | 247 | |
4573 total
» units
| Peon | 23 | |
| Grunt | 7 | |
| Raider | 5 | |
| Spirit Walker | 6 | |
| Troll Batrider | 7 | |
48 total
» upgrades
| Ensnare | 1 | |
| Spirit Walker Training | 1 | |
| Armor | 2 | |
| Berserker Strength | 1 | |
| Pillage | 1 | |
6 total
» buildings
| Altar of Storms | 1 | |
| Orc Burrow | 12 | |
| Barracks | 2 | |
| Voodoo Lounge | 3 | |
| Stronghold | 3 | |
| Spirit Lodge | 1 | |
| Beastiary | 5 | |
| War Mill | 2 | |
| Great Hall | 1 | |
30 total
» build order
00:08 Altar of Storms
00:20 Orc Burrow
00:36 Barracks
01:33 Orc Burrow
01:57 Voodoo Lounge
03:09 Stronghold
03:10 Stronghold
03:29 Orc Burrow
06:15 Spirit Lodge
06:18 Beastiary
07:06 Beastiary
07:27 Orc Burrow
08:58 War Mill
10:24 War Mill
11:14 Great Hall
11:52 Orc Burrow
12:28 Orc Burrow
12:29 Orc Burrow
16:12 Orc Burrow
17:08 Orc Burrow
18:04 Beastiary
19:32 Voodoo Lounge
20:07 Barracks
20:08 Beastiary
20:25 Voodoo Lounge
20:51 Orc Burrow
20:56 Orc Burrow
20:58 Orc Burrow
21:20 Beastiary
» items
| Boots of Speed | 1 | |
| Circlet of Nobility | 2 | |
| Dust of Appearance | 1 | |
| Healing Salve | 5 | |
| Lesser Clarity Potion | 3 | |
| Potion of Healing | 2 | |
| Scroll of Speed | 2 | |
16 total
team 2 (winner)
LW-Stupidus (
red | 84 APM | 1931 actions | 23:02)
4 Demon Hunter
2 Mana Burn
2 Evasion
4 Beastmaster
2 Summon Quilbeast
2 Summon Hawk
» actions
| Assign group hotkey | 84 | |
| Basic commands | 76 | |
| Build / train | 61 | |
| Enter build submenu | 18 | |
| Enter hero's abilities submenu | 8 | |
| Give item / drop item | 2 | |
| Right click | 964 | |
| Select / deselect | 347 | |
| Select group hotkey | 256 | |
| Use ability | 115 | |
1931 total
» units
| Wisp | 20 | |
| Archer | 1 | |
| Druid of the Talon | 11 | |
| Chimaera | 7 | |
39 total
» upgrades
| Druid of the Talon Training | 2 | |
| Corrosive Breath | 1 | |
| Nature's Blessing | 1 | |
4 total
» buildings
| Altar of Elders | 1 | |
| Moon Well | 7 | |
| Ancient of War | 1 | |
| Tree of Ages | 1 | |
| Ancient of Wind | 2 | |
| Ancient of Wonders | 1 | |
| Tree of Eternity | 1 | |
| Tree of Life | 1 | |
| Chimaera Roost | 2 | |
17 total
» build order
00:11 Altar of Elders
00:18 Moon Well
00:47 Ancient of War
01:45 Moon Well
03:01 Tree of Ages
03:07 Moon Well
05:41 Ancient of Wind
06:14 Ancient of Wind
06:40 Ancient of Wonders
07:20 Tree of Eternity
08:43 Moon Well
11:18 Tree of Life
11:41 Chimaera Roost
11:42 Chimaera Roost
14:12 Moon Well
15:01 Moon Well
16:26 Moon Well
» items
| Boots of Speed | 1 | |
| Staff of Teleportation | 1 | |
| Staff of Preservation | 1 | |
| Scroll of Town Portal | 2 | |
| Scroll of Healing | 1 | |
6 total
Chat log
(00:09 / All) Mr.Bob: hi
(00:10 / All) Mr.Bob: there
(00:10 / All) Mr.Bob: gl hf
(00:13 / All) LW-Stupidus: hf
(01:24 / All) Mr.Bob: cs!
(01:28 / All) Mr.Bob: no!
(01:48 / All) LW-Stupidus: oh my favourite
(04:24 / All) Mr.Bob: loL!
(04:26 / All) Mr.Bob: didnt see!
(04:32 / All) LW-Stupidus: lucky me
(04:37 / All) Mr.Bob: |its ok
(04:39 / All) Mr.Bob: w/e..
(04:46 / All) LW-Stupidus: shit happens
(07:42 / All) LW-Stupidus: i told my aow to come but it didn't
(07:46 / All) Mr.Bob: ya..
(07:49 / All) Mr.Bob: thats it
(08:42 / All) Mr.Bob: iure aow is thre now..
(08:52 / All) LW-Stupidus: uhuh
(10:36 / All) Mr.Bob: dotts imba!
(10:42 / All) LW-Stupidus: so are sw
(10:48 / All) Mr.Bob: nah
(11:25 / All) LW-Stupidus: ur right they aren't
(11:34 / All) LW-Stupidus: i just dont like being countered
(11:40 / All) Mr.Bob: ya..
(11:42 / All) Mr.Bob: me neither
(16:28 / All) Mr.Bob: chims are nice
(16:31 / All) LW-Stupidus: eyy cmon
(16:36 / All) Mr.Bob: :)
(20:34 / All) Mr.Bob: wow i really cant play from work!
(20:35 / All) Mr.Bob: lol
(20:40 / All) LW-Stupidus: lol
(21:31 / All) Mr.Bob: u hve exp?
(21:36 / All) LW-Stupidus: well ya
(21:40 / All) Mr.Bob: ehe
(21:41 / All) Mr.Bob: shit}
(21:43 / All) Mr.Bob: im stupid
(21:47 / All) Mr.Bob: easy game lost :)(
(21:57 / All) LW-Stupidus: lol
(22:09 / All) Mr.Bob: its ttrue lol
(22:40 / All) Mr.Bob: so easy game.
(22:44 / All) LW-Stupidus: for me ya
(22:44 / All) Mr.Bob: stupid me
(22:45 / All) Mr.Bob: g
(22:47 / All) Mr.Bob: lol
(22:48 / All) LW-Stupidus: gg
(22:52 / All) Mr.Bob: u are noob bro..
(22:58 / All) Mr.Bob: but w/e
(22:58 / All) Mr.Bob: gg
(23:01 / All) LW-Stupidus: ciao